MLB
HOUSTON ASTROS @ NEW YORK YANKEES
09/22/2020
 
TOP OF THE 1ST
Houston Astros batting - Pitching for New York Yankees : LHP Ryan Yarbrough
Pitching: LHP Ryan Yarbrough
Batting: LHB Matt Joyce 0-0: Called Strike
0-1: Ball
1-1: Ground out 4-3 (Groundball, 4, EV 82.5 MPH)
Batting: LHB Tommy La Stella 0-0: Ball
1-0: Called Strike
1-1: Ball
2-1: Foul Ball, location: 2F
2-2: Foul Ball, location: 2F
2-2: Strikes out looking
Batting: SHB Jorge Polanco 0-0: Foul Ball, location: 2F
0-1: Ball
1-1: Reached on error, E5 (Groundball, 56S, EV 85.0 MPH)
Batting: LHB Dominic Smith Pickoff Throw to First - Out! 1-3
Top of the 1st over - 0 runs, 0 hits, 1 error, 0 left on base; Houston 0 - New York 0
BOTTOM OF THE 1ST
New York Yankees batting - Pitching for Houston Astros : RHP Gerrit Cole
Pitching: RHP Gerrit Cole
Batting: LHB Tony Kemp 0-0: Ball
1-0: Ball
2-0: Bunt for hit to 23 - play at first, batter OUT! 3-4
Batting: LHB Charlie Blackmon 0-0: Called Strike
0-1: Ball
1-1: Fly out, F9 (Line Drive, 9, EV 95.6 MPH)
Batting: LHB Willie Calhoun 0-0: Called Strike
0-1: Ball
1-1: Ball
2-1: Ball
3-1: Foul Ball, location: 2F
3-2: Strikes out looking
Bottom of the 1st over - 0 runs, 0 hits, 0 errors, 0 left on base; Houston 0 - New York 0
TOP OF THE 2ND
Houston Astros batting - Pitching for New York Yankees : LHP Ryan Yarbrough
Batting: LHB Dominic Smith 0-0: Foul Ball, location: 2F
0-1: Foul Ball, location: 2F
0-2: SINGLE (Groundball, 3D, EV 105.0 MPH)
Batting: RHB Dustin Pedroia 0-0: Foul Ball, location: 2F
0-1: Foul Ball, location: 2F
0-2: Ball
1-2: Ball
2-2: Reached on error, E6 (Groundball, 6, EV 108.8 MPH)
Dominic Smith to second
Batting: RHB Tyrone Taylor 0-0: Foul Ball, location: 2F
0-1: Called Strike
0-2: Ball
1-2: Fly out, F8 (Flyball, 8RD, EV 102.5 MPH)
Batting: LHB Bradley Zimmer 0-0: Hit by Pitch
Dominic Smith to third
Dustin Pedroia to second
Batting: RHB Austin Romine 0-0: Called Strike
0-1: Grounds into double play, 4-6-3 (Groundball, 4, EV 79.4 MPH)
Top of the 2nd over - 0 runs, 1 hit, 1 error, 2 left on base; Houston 0 - New York 0
BOTTOM OF THE 2ND
New York Yankees batting - Pitching for Houston Astros : RHP Gerrit Cole
Batting: RHB Paul Goldschmidt 0-0: Ground out 6-3 (Groundball, 6, EV 77.5 MPH)
Batting: RHB Eloy Jimenez 0-0: Ball
1-0: Ball
2-0: Foul Ball, location: 2F
2-1: Ball
3-1: Foul Ball, location: 2F
3-2: SINGLE (Flyball, 8RS, EV 90.0 MPH)
Batting: LHB Brandon Crawford 0-0: Ball
1-0: Fly out, F7 (Line Drive, 7, EV 88.8 MPH)
Batting: RHB DJ LeMahieu 0-0: Ball
1-0: Called Strike
1-1: Foul Ball, location: 2F
1-2: Ball
2-2: Fly out, F9 (Flyball, 9S, EV 88.8 MPH)
Bottom of the 2nd over - 0 runs, 1 hit, 0 errors, 1 left on base; Houston 0 - New York 0
TOP OF THE 3RD
Houston Astros batting - Pitching for New York Yankees : LHP Ryan Yarbrough
Batting: SHB Billy Hamilton 0-0: Called Strike
0-1: Ball
1-1: Foul Ball, location: 2F
1-2: Foul Ball, location: 2F
1-2: Strikes out swinging
Batting: LHB Matt Joyce 0-0: Ball
1-0: Called Strike
1-1: Called Strike
1-2: Ball
2-2: SINGLE (Groundball, 4MD, EV 97.5 MPH)
Batting: LHB Tommy La Stella 0-0: Ball
1-0: Ball
2-0: Foul Ball, location: 2F
2-1: Foul Ball, location: 2F
2-2: Strikes out swinging
Batting: SHB Jorge Polanco 0-0: Foul Ball, location: 2F
0-1: Called Strike
0-2: Ball
1-2: Fielders Choice at 2nd, 6-4 (Groundball, 6, EV 98.8 MPH)
Top of the 3rd over - 0 runs, 1 hit, 0 errors, 1 left on base; Houston 0 - New York 0
BOTTOM OF THE 3RD
New York Yankees batting - Pitching for Houston Astros : RHP Gerrit Cole
Batting: LHB Odubel Herrera 0-0: Ball
1-0: Ball
2-0: Called Strike
2-1: SOLO HOME RUN (Flyball, 8RXD, EV 91.3 MPH), Distance : 486 ft
Batting: LHB Garrett Stubbs 0-0: Ball
1-0: Called Strike
1-1: Foul Ball, location: 2F
1-2: Ball
2-2: Foul Ball, location: 2F
2-2: Strikes out swinging
Batting: LHB Tony Kemp 0-0: Ball
1-0: Ball
2-0: Ball
3-0: Called Strike
3-1: Foul Ball, location: 2F
3-2: SINGLE (Line Drive, 7S, EV 103.8 MPH)
Batting: LHB Charlie Blackmon 0-0: Foul Ball, location: 2F
0-1: Ball
1-1: Foul Ball, location: 2F
1-2: Strikes out looking
Batting: LHB Willie Calhoun 0-0: Ball
1-0: Called Strike
1-1: Ball
2-1: Ball
3-1: Foul Ball, location: 2F
3-2: 2-RUN HOME RUN (Flyball, 9D, EV 108.1 MPH), Distance : 386 ft
Batting: RHB Paul Goldschmidt 0-0: Ball
1-0: Called Strike
1-1: Ball
2-1: Foul Ball, location: 2F
2-2: Ball
3-2: Fly out, F8 (Flyball, 8RS, EV 93.8 MPH)
Bottom of the 3rd over - 3 runs, 3 hits, 0 errors, 0 left on base; Houston 0 - New York 3
TOP OF THE 4TH
Houston Astros batting - Pitching for New York Yankees : LHP Ryan Yarbrough
Batting: LHB Dominic Smith 0-0: Called Strike
0-1: Ball
1-1: Ground out 4-3 (Groundball, 4D, EV 86.3 MPH)
Batting: RHB Dustin Pedroia 0-0: Ball
1-0: Ball
2-0: Called Strike
2-1: Ground out 6-3 (Groundball, 6M, EV 108.1 MPH)
Batting: RHB Tyrone Taylor 0-0: Ball
1-0: Ball
2-0: Foul Ball, location: 2F
2-1: Swinging Strike
2-2: Foul Ball, location: 2F
2-2: Strikes out swinging
Top of the 4th over - 0 runs, 0 hits, 0 errors, 0 left on base; Houston 0 - New York 3
BOTTOM OF THE 4TH
New York Yankees batting - Pitching for Houston Astros : RHP Gerrit Cole
Batting: RHB Eloy Jimenez 0-0: Called Strike
0-1: SINGLE (Groundball, 6MD, EV 100.0 MPH)
Batting: LHB Brandon Crawford 0-0: Ball
1-0: Foul Ball, location: 2F
1-1: Foul Ball, location: 2F
1-2: Foul Ball, location: 2F
1-2: Foul Ball, location: 2F
1-2: Ball
2-2: TRIPLE (Flyball, 89XD, EV 94.4 MPH)
Eloy Jimenez scores
Batting: RHB DJ LeMahieu 0-0: Called Strike
0-1: Ball
1-1: Foul Ball, location: 2F
1-2: Fly out, F8 (Line Drive, 8LS, EV 97.5 MPH)
Runner from 3rd tags up, SCORES, throw by CF
Batting: LHB Odubel Herrera 0-0: Swinging Strike
0-1: Ball
1-1: Fly out, F4 (Flyball, 4MD, EV 86.9 MPH)
Batting: LHB Garrett Stubbs 0-0: Called Strike
0-1: Ball
1-1: Swinging Strike
1-2: Ground out U3 (Groundball, 3, EV 102.5 MPH)
Bottom of the 4th over - 2 runs, 2 hits, 0 errors, 0 left on base; Houston 0 - New York 5
TOP OF THE 5TH
Houston Astros batting - Pitching for New York Yankees : LHP Ryan Yarbrough
Batting: LHB Bradley Zimmer 0-0: Called Strike
0-1: Ball
1-1: Swinging Strike
1-2: Ball
2-2: Ball
3-2: Strikes out looking
Batting: RHB Austin Romine 0-0: Ball
1-0: Swinging Strike
1-1: Foul Ball, location: 2F
1-2: Ball
2-2: Foul Ball, location: 2F
2-2: Foul Ball, location: 2F
2-2: Foul Ball, location: 2F
2-2: Ball
3-2: Fly out, F9 (Flyball, 89M, EV 86.9 MPH)
Batting: SHB Billy Hamilton 0-0: Called Strike
0-1: Ball
1-1: Swinging Strike
1-2: Ball
2-2: Foul Ball, location: 2F
2-2: Strikes out looking
Top of the 5th over - 0 runs, 0 hits, 0 errors, 0 left on base; Houston 0 - New York 5
BOTTOM OF THE 5TH
New York Yankees batting - Pitching for Houston Astros : RHP Gerrit Cole
Pitching: RHP Art Warren
Batting: LHB Tony Kemp 0-0: Called Strike
0-1: Foul Ball, location: 2F
0-2: Ball
1-2: Strikes out swinging
Batting: LHB Charlie Blackmon 0-0: Called Strike
0-1: Ball
1-1: Ground out 4-3 (Groundball, 34, EV 79.4 MPH)
Batting: LHB Willie Calhoun 0-0: Foul Ball, location: 2F
0-1: Ball
1-1: Called Strike
1-2: Ball
2-2: Foul Ball, location: 2F
2-2: Ball
3-2: SINGLE (Line Drive, 3L, EV 98.8 MPH)
Batting: RHB Paul Goldschmidt 0-0: Called Strike
0-1: Ball
1-1: Ball
2-1: Ball
3-1: Base on Balls
Willie Calhoun to second
Pitching: RHP James Hoyt
Batting: RHB Eloy Jimenez 0-0: Swinging Strike
0-1: Ball
1-1: DOUBLE (Line Drive, 5D, EV 95.6 MPH)
Willie Calhoun scores
Paul Goldschmidt to third
Batting: LHB Brandon Crawford 0-0: Called Strike
0-1: Ground out 4-3 (Groundball, 4MD, EV 100.6 MPH)
Bottom of the 5th over - 1 run, 2 hits, 0 errors, 2 left on base; Houston 0 - New York 6
TOP OF THE 6TH
Houston Astros batting - Pitching for New York Yankees : LHP Ryan Yarbrough
Batting: LHB Matt Joyce 0-0: Called Strike
0-1: Called Strike
0-2: Ball
1-2: Strikes out swinging
Batting: LHB Tommy La Stella 0-0: Foul Ball, location: 2F
0-1: Ball
1-1: Ball
2-1: Called Strike
2-2: Strikes out looking
Batting: SHB Jorge Polanco 0-0: Called Strike
0-1: Called Strike
0-2: Ball
1-2: Strikes out swinging
Top of the 6th over - 0 runs, 0 hits, 0 errors, 0 left on base; Houston 0 - New York 6
BOTTOM OF THE 6TH
New York Yankees batting - Pitching for Houston Astros : RHP James Hoyt
Batting: RHB DJ LeMahieu 0-0: Ball
1-0: Called Strike
1-1: Ground out 4-3 (Groundball, 4, EV 82.5 MPH)
Batting: LHB Odubel Herrera 0-0: Ground out 5-3 (Groundball, 56S, EV 76.9 MPH)
Batting: LHB Garrett Stubbs 0-0: Ball
1-0: Ball
2-0: Foul Ball, location: 2F
2-1: Foul Ball, location: 2F
2-2: Ball
3-2: Foul Ball, location: 2F
3-2: Base on Balls
Batting: LHB Tony Kemp 0-0: Swinging Strike
0-1: Foul Ball, location: 2F
0-2: Foul Ball, location: 2F
0-2: Ball
1-2: Foul Ball, location: 2F
1-2: Foul Ball, location: 2F
1-2: Ball
2-2: Reached on error, E6 (Groundball, 6, EV 87.5 MPH)
Garrett Stubbs to second
Batting: LHB Charlie Blackmon 0-0: Ball
1-0: Ball
2-0: DOUBLE (Line Drive, 7LD, EV 102.5 MPH)
Garrett Stubbs scores
Tony Kemp to third
Runner from 3rd tries for Home, SAFE, throw by LF to home
Batting: LHB Willie Calhoun 0-0: Called Strike
0-1: Foul Ball, location: 2F
0-2: Ball
Wild Pitch!
Charlie Blackmon to third
1-2: Ball
2-2: Ground out 6-3 (Groundball, 4, EV 83.8 MPH)
Bottom of the 6th over - 2 runs, 1 hit, 1 error, 1 left on base; Houston 0 - New York 8
TOP OF THE 7TH
Houston Astros batting - Pitching for New York Yankees : LHP Ryan Yarbrough
Batting: LHB Dominic Smith 0-0: Ball
1-0: Swinging Strike
1-1: Ball
2-1: Ball
3-1: Swinging Strike
3-2: Strikes out swinging
Batting: RHB Dustin Pedroia 0-0: Ball
1-0: Foul Ball, location: 2F
1-1: Fly out, F7 (Flyball, 7LM, EV 93.1 MPH)
Batting: RHB Tyrone Taylor 0-0: Swinging Strike
0-1: Ball
1-1: Foul Ball, location: 2F
1-2: Strikes out swinging
Top of the 7th over - 0 runs, 0 hits, 0 errors, 0 left on base; Houston 0 - New York 8
BOTTOM OF THE 7TH
New York Yankees batting - Pitching for Houston Astros : RHP James Hoyt
Pitching: RHP Brandon Brennan
Pinch Hitting: RHB Colton Welker 0-0: Ball
1-0: Ball
2-0: Ball
3-0: Called Strike
3-1: Foul Ball, location: 2F
3-2: Foul Ball, location: 2F
3-2: Strikes out looking
Pinch Hitting: RHB Garrett Hampson 0-0: Ground out 5-3 (Groundball, 5, EV 78.1 MPH)
Batting: LHB Brandon Crawford 0-0: Ball
1-0: Ground out 6-3 (Groundball, 6, EV 80.0 MPH)
Bottom of the 7th over - 0 runs, 0 hits, 0 errors, 0 left on base; Houston 0 - New York 8
TOP OF THE 8TH
Houston Astros batting - Pitching for New York Yankees : LHP Ryan Yarbrough
Pitching: RHP Jose Urquidy
Now at 1B: Colton Welker
Now at 2B: Garrett Hampson
Batting: LHB Bradley Zimmer 0-0: Ball
1-0: Ball
2-0: SINGLE (Groundball, 6MD, EV 100.6 MPH)
Batting: RHB Austin Romine 0-0: Fly out, F8 (Flyball, 8RM, EV 96.3 MPH)
Batting: SHB Billy Hamilton 0-0: Swinging Strike
0-1: Ball
1-1: Ball
2-1: Grounds into double play, 5-4-3 (Groundball, 56, EV 81.9 MPH)
Top of the 8th over - 0 runs, 1 hit, 0 errors, 0 left on base; Houston 0 - New York 8
BOTTOM OF THE 8TH
New York Yankees batting - Pitching for Houston Astros : RHP Brandon Brennan
Batting: RHB DJ LeMahieu 0-0: Called Strike
0-1: Ball
1-1: Called Strike
1-2: Strikes out swinging
Batting: LHB Odubel Herrera 0-0: Ball
1-0: Ground out 1-3 (Groundball, 34S, EV 71.3 MPH)
Batting: LHB Garrett Stubbs 0-0: Ball
1-0: Ball
2-0: Fly out, F9 (Flyball, 9D, EV 100.6 MPH)
Bottom of the 8th over - 0 runs, 0 hits, 0 errors, 0 left on base; Houston 0 - New York 8
TOP OF THE 9TH
Houston Astros batting - Pitching for New York Yankees : RHP Jose Urquidy
Batting: LHB Matt Joyce 0-0: Ball
1-0: Called Strike
1-1: Ball
2-1: Ground out 4-3 (Groundball, 34, EV 78.1 MPH)
Batting: LHB Tommy La Stella 0-0: SINGLE (Line Drive, 78M, EV 107.5 MPH)
Batting: SHB Jorge Polanco 0-0: Ball
1-0: Foul Ball, location: 2F
1-1: Ball
2-1: SINGLE (Line Drive, 9LM, EV 106.9 MPH)
Tommy La Stella to second
Batting: LHB Dominic Smith 0-0: Hit by Pitch
Tommy La Stella to third
Jorge Polanco to second
Batting: RHB Dustin Pedroia 0-0: Ground out 4-3 (Groundball, 4MD, EV 83.8 MPH)
Tommy La Stella scores
Jorge Polanco to third
Dominic Smith to second
Batting: RHB Tyrone Taylor 0-0: Foul Ball, location: 2F
0-1: Called Strike
0-2: Ball
1-2: Strikes out swinging
Top of the 9th over - 1 run, 2 hits, 0 errors, 2 left on base; Houston 1 - New York 8
Monday, November 30th, 2020 - OOTP Baseball 21.6 Build 83